 Dungeon Crawl Stone Soup version 0.25-a0-597-gb30770a0c0 (webtiles) character file.

Game seed: 8010163912903626723, levelgen mode: deterministic

98 An17 the Skirmisher (level 4, 0/37 HPs)
             Began as a Demonspawn Wanderer on Mar 15, 2020.
             Succumbed to a goblin's poison
             ... on level 3 of the Dungeon.
             The game lasted 00:06:11 (2089 turns).

An17 the Skirmisher (Demonspawn Wanderer)           Turns: 2089, Time: 00:06:11

Health: 0/37       AC:  5    Str: 12    XL:     4   Next: 43%
Magic:  5/5        EV: 11    Int: 15    God:
Gold:   192        SH:  0    Dex: 12    Spells: 5/5 levels left

rFire    . . .     SeeInvis .   a - +0 falchion
rCold    . . .     Gourm    +   (no shield)
rNeg     . . .     Faith    .   b - +2 leather armour
rPois    .         Spirit   .   (helmet restricted)
rElec    .         Reflect  .   (no cloak)
rCorr    .         Harm     .   (no gloves)
MR       .....                  (no boots)
Stlth    +.........             f - amulet of the gourmand
HPRegen  0.12/turn              (no ring)
MPRegen  0.09/turn              (no ring)

@: lethally poisoned (0 -> -14)
A: antennae 1, powered by death 1
a: no special abilities


You were on level 3 of the Dungeon.
You were very hungry.

You visited 1 branch of the dungeon, and saw 3 of its levels.

You collected 192 gold pieces.

Inventory:

Hand Weapons
 a - a +0 falchion (weapon)
 o - a +0 dagger of draining
Armour
 b - a +2 leather armour (worn)
 i - a +0 scale mail
Jewellery
 f - an amulet of the gourmand (around neck)
Wands
 n - a wand of random effects (14)
Scrolls
 e - a scroll of magic mapping
Potions
 c - 6 potions of curing
 g - 3 potions of cancellation
 h - a potion of might
 j - a potion of brilliance {unknown}
 m - a potion of berserk rage {unknown}
Comestibles
 d - 5 rations


   Skills:
 + Level 3.9 Fighting
 + Level 2.7 Long Blades
 + Level 1.0 Armour
 + Level 1.3 Dodging
   Level 1.0 Shields
 - Level 1.0 Spellcasting
   Level 1.7 Air Magic
 + Level 1.0 Evocations


You had 5 spell levels left.
You didn't know any spells.
Your spell library was empty.

Dungeon Overview and Level Annotations

Branches:
Dungeon (3/15)

Altars:


Innate Abilities, Weirdness & Mutations

You have a pair of small antennae on your head.
You regenerate a little health from kills.


Message History

The hobgoblin hits you.
* * * LOW HITPOINT WARNING * * *
You feel sick.
You are no longer poisoned.
There is a shaft here.
The hobgoblin falls through a shaft!
The shaft crumbles and collapses.
The jackal closely misses you.
A goblin comes into view. It is wielding a +0 dagger of venom.
You see here a scroll labeled WUXIOB SUWAKE.
The jackal closely misses you. The goblin closely misses you.
The goblin hits you with a +0 dagger of venom.
* * * LOW HITPOINT WARNING * * *
You are lethally poisoned!
* * * LOW HITPOINT WARNING * * *
You feel sick.
The goblin hits you with a +0 dagger of venom.
* * * LOW HITPOINT WARNING * * *
You are more poisoned.
You die... .sh

..# #.....####... ......#
#.#.#........ ......#
#............ #.#...#
#.#.#......#
#.#...#######.{........##
#......)...sh.##hh.......
##...........####gh.....#.
.....#.#.#.......####.###
###........#####@# ..
#..#.#.#.# #.# 8.#
#........# #.# .#
#..#.#.#.# #.. .
#........# ### #....#####
######


You could see 2 jackals and a goblin.

Vanquished Creatures
  2 adders
  An ooze (D:1)
  3 worms (D:2)
  3 dart slugs
  3 leopard geckos (D:1)
  3 giant cockroaches
  8 goblins
  5 hobgoblins
  4 jackals (D:2)
  A ball python (D:2)
  5 bats
  5 frilled lizards
  7 kobolds
  7 rats
  A plant (D:1)
58 creatures vanquished.

Notes
Turn   | Place    | Note
-------+----------+-------------------------------------------
     0 | D:1      | An17 the Demonspawn Wanderer began the quest for the Orb.
     0 | D:1      | An17 set off with the following items: a +0 falchion, a +2
                  | leather armour, a potion of curing, a ration
     0 | D:1      | Reached XP level 1. HP: 18/18 MP: 2/2
   153 | D:1      | Gained mutation: You regenerate a little health from kills.
                  | [demonic ancestry]
   153 | D:1      | Reached XP level 2. HP: 18/24 MP: 3/3
   453 | D:1      | Gained mutation: You have a pair of small antennae on your
                  | head. [demonic ancestry]
   453 | D:1      | Reached XP level 3. HP: 30/30 MP: 4/4
  1228 | D:2      | Reached XP level 4. HP: 37/37 MP: 5/5
  2064 | D:3      | Reached skill level 1 in Armour
  2088 | D:3      | HP: 1/37 [goblin/+0 dagger of venom (3)]
  2089 | D:3      | Succumbed to a goblin's poison

Levels and vault maps discovered:
D:1:      roderic_crop_circles_arrival_large, layout_basic, feat_on_display
D:2:      cheibrodos_helix_gallery, layout_rooms, first_ration
D:3:      layout_basic, serial_glass, glass_columns_a, glass_columns_a,
          glass_columns_a, glass_columns_b, glass_columns_a, glass_columns_a,
          minmay_strange_pillars, item_on_display_a, grunt_gozag_statues,
          uniq_terence

Skill      XL: |  1  2  3  4 |
---------------+-------------+-----
Long Blades    | 2 |  2.7
Armour         | 1 |  1.0
Fighting       | |  3.9
Dodging        | |  1.3
Shields        | |  1.0
Spellcasting   | |  1.0
Air Magic      | |  1.7
Evocations     | |  1.0

Action                   |  1- 3 |  4- 6 || total
-------------------------+-------+-------++-------
Melee: Falchion          |   198 |    63 ||   261
  Use: Scroll            |     6 |     2 ||     8
  Eat: Ration            |     1 |       ||     1
Armor: Leather armour    |    63 |    26 ||    89
Dodge: Dodged            |    99 |    65 ||   164
       Rpst.: Falchion   |    28 |    23 ||    51

Table legend:
 A = Non-vault XP
 B = Vault XP
 C = Vault XP percentage of total XP
 D = Non-vault monster count
 E = Vault monster count
 F = Vault count percentage of total count
                 A         B        C        D         E       F
            +---------+---------+-------+---------+---------+-------
      Total |     133 |       7 |   5.0 |      55 |       2 |   3.5
            +---------+---------+-------+---------+---------+-------
        D:1 |      50 |       0 |   0.0 |      25 |       0 |   0.0
        D:2 |      69 |       7 |   9.2 |      29 |       2 |   6.5
        D:3 |      14 |       0 |   0.0 |       1 |       0 |   0.0
            +---------+---------+-------+---------+---------+-------
